 Dungeon Crawl Stone Soup version 0.21.0-24-g2553a3340b (webtiles) character file.

24 quacklin the Firebug (level 2, -1/20 HPs)
             Began as a Draconian Fire Elementalist on Jan 21, 2018.
             Slain by a hobgoblin
             ... wielding a +0 club
              (12 damage)
             ... on level 1 of the Dungeon.
             The game lasted 00:01:45 (1226 turns).

quacklin the Firebug (Draconian Fire Elementalist)  Turns: 1226, Time: 00:01:46

Health: -1/20      AC:  4    Str: 10    XL:     2   Next: 79%
Magic:  5/5        EV: 12    Int: 15    God:
Gold:   66         SH:  0    Dex: 11    Spells: 4/5 levels left

rFire    . . .     SeeInvis .   g - +0 short sword
rCold    . . .     Gourm    .   (no shield)
rNeg     . . .     Faith    .   (armour unavailable)
rPois    .         Spirit   .   (helmet restricted)
rElec    .         Reflect  .   (no cloak)
rCorr    .         Harm     .   (no gloves)
MR       .....                  (no boots)
Stlth    ++........             (no amulet)
HPRegen  0.06/turn              (no ring)
MPRegen  0.09/turn              (no ring)

@: no status effects
A: unfitting armour, cold-blooded, AC +4
a: no special abilities


You were on level 1 of the Dungeon.
You were very hungry.

You visited 1 branch of the dungeon, and saw 2 of its levels.

You collected 66 gold pieces.

Inventory:

Hand Weapons
 g - a +0 short sword (weapon)
Scrolls
 d - 2 scrolls of fog {unknown}
 e - a scroll of blinking {unknown}
 f - 5 scrolls of identify {unknown}
 h - a scroll of remove curse {unknown}
Potions
 c - 2 potions of curing {unknown}
Books
 a - a book of Flames

   Spells                             Type                      Level
   a - Flame Tongue                   Conjuration/Fire             1
   b - Throw Flame                    Conjuration/Fire             2
   c - Conjure Flame                  Conjuration/Fire             3
   d - Inner Flame                    Hexes/Fire                   3
   e - Sticky Flame                   Conjuration/Fire             4
   f - Fireball                       Conjuration/Fire             5
Comestibles
 b - a ration


   Skills:
 - Level 1.7 Dodging
 - Level 1.7 Stealth
 + Level 2.3 Spellcasting
 * Level 2.1 Conjurations
 + Level 3.2 Fire Magic


You had 4 spell levels left.
You knew the following spells:

 Your Spells              Type           Power        Failure   Level  Hunger
a - Flame Tongue          Conj/Fire      #....        7%          1    #......


Dungeon Overview and Level Annotations

Branches:
Dungeon (2/15)

Altars:

Annotations:
D:2 Robin


Innate Abilities, Weirdness & Mutations

Your plain brown scales are hard. (AC +4)
You cannot fit into any form of body armour.
You are cold-blooded and may be slowed by cold attacks.


Message History

You climb downwards.
Level annotation: Robin 2 goblins come into view.
Robin throws the goblin at you! The bat hits you but does no damage.
The goblin barely misses you.
There is a stone staircase leading up here.
The bat hits you but does no damage.
Robin roars a battlecry!
The goblins go into a battle-frenzy!
The hobgoblin hits you with a club. The goblin barely misses you.
You climb upwards.
There is a stone staircase leading down here.
You hit the goblin.
The goblin is heavily wounded.
The goblin barely misses you. The hobgoblin barely misses you.
You hit the goblin.
Your tail-slap misses the goblin.
The goblin is severely wounded.
The goblin hits you. The hobgoblin hits you with a club!
Ouch! That really hurt!
You die...

### ######.#.......#.........#
..# #......#.#######.........#
..# ###.######.##....#.........#
.)# #.............##.#.........#
..# #.#.#......#####.##''###++##
### #.#.##.#####.....#.........#
#####.#.##.#####.########..#####
......#......#..g...........#
...............g@...........#
......####.#.#...)..#########
#####.####.#.#....#.#######
...........#.#............#
#####.###..#.#....#.#####.#
####'###..#.#....#.# #.#
#)......#.#.#....#.# #.#
#.......#...#......# #.#
#.......#...#...##### #.#


You could see a hobgoblin and a goblin.

Vanquished Creatures
  A dart slug (D:1)
  A leopard gecko (D:1)
  A giant cockroach (D:1)
  6 hobgoblins
  3 kobolds
  2 bats (D:1)
  A frilled lizard (D:1)
  3 goblins (D:1)
  A rat (D:2)
19 creatures vanquished.

Notes
Turn   | Place    | Note
-------+----------+-------------------------------------------
     0 | D:1      | quacklin the Draconian Fire Elementalist began the quest for the Orb.
     0 | D:1      | Reached XP level 1. HP: 14/14 MP: 3/3
   500 | D:1      | Reached XP level 2. HP: 20/20 MP: 3/5
  1174 | D:2      | Noticed Robin
  1226 | D:1      | Slain by a hobgoblin

Skill      XL: |  1  2 |
---------------+-------+-----
Conjurations   | 2 |  2.1
Dodging        | |  1.7
Stealth        | |  1.7
Spellcasting   | |  2.3
Fire Magic     | |  3.2

Action                   || total
-------------------------++-------
Melee: Short sword       ||     4
       Unarmed           ||     4
       Tailslap          ||     1
 Cast: Flame Tongue      ||    31
Armor: Skin              ||    12
Dodge: Dodged            ||    20
